 Dungeon Crawl Stone Soup version 0.30-a0-840-ga523dec638 (webtiles) character file.

Game seed: 472019609306050445

1199 freelancePsychic the Ruffian (level 8, -3/79 HPs)
             Began as a Troll Wanderer on Mar 1, 2023.
             Was an Initiate of Gozag.
             Slain by a troll (5 damage)
             ... on level 7 of the Dungeon.
             The game lasted 00:07:47 (4164 turns).

freelancePsychic the Ruffian (Troll Wanderer)       Turns: 4164, Time: 00:07:48

Health: -3/79      AC:  4    Str: 19    XL:     8   Next: 20%
Magic:  8/8        EV: 11    Int:  8    God:    Gozag
Gold:   625        SH:  0    Dex: 25    Spells: 8/9 levels left

rFire   . . .      SeeInvis .      - Unarmed
rCold   . . .      Faith    .    (no shield)
rNeg    . . .      Spirit   .    d - +0 robe
rPois   .          Reflect  .    (helmet restricted)
rElec   .          Harm     .    (no cloak)
rCorr   .          Rampage  .    (gloves unavailable)
Will    .....                    (boots unavailable)
Stlth   ++                       w - amulet of magic regeneration
HPRegen 1.13/turn                v - +6 ring of dexterity
MPRegen 0.51/turn                r - +6 ring of dexterity

@: no status effects
A: large, unfitting armour, claws 3, regeneration 1, shaggy fur 1, tough skin 1
a: Renounce Religion, Potion Petition, Call Merchant, Bribe Branch


You were on level 7 of the Dungeon.
You worshipped Gozag.
Gozag was pleased with you.
You visited 2 branches of the dungeon, and saw 8 of its levels.

You collected 705 gold pieces.
You paid 80 gold pieces to Gozag.

Inventory:

Missiles
 k - 5 poisoned darts (quivered)
 s - 2 silver javelins
 x - 3 boomerangs
 z - a throwing net
Armour
 d - a +0 robe (worn)
Jewellery
 p - a ring of magical power
 r - a +6 ring of dexterity (right claw)
 v - a +6 ring of dexterity (left claw)
 w - an amulet of magic regeneration (around neck)
Wands
 y - a wand of acid (5)
Scrolls
 g - 2 scrolls of teleportation {@r4}
 h - 3 scrolls of noise
 j - 2 scrolls of vulnerability {unknown}
 m - a scroll of blinking {unknown}
 t - a scroll of fear {unknown}
 u - 2 scrolls of identify {@r1}
 A - a scroll of fog {unknown}
 C - a scroll of enchant armour {unknown}
Potions
 a - 2 potions of cancellation {unknown}
 b - 2 potions of lignification
 c - 2 potions of haste {@q3}
 e - a potion of attraction
 f - a potion of heal wounds {unknown}
 i - a potion of ambrosia {unknown}
 l - 3 potions of might {unknown}
 n - 2 potions of curing {unknown}
 o - a potion of resistance {unknown}
 q - a potion of invisibility {unknown}
 B - a potion of degeneration {unknown}


   Skills:
 + Level 4.9 Fighting
 + Level 2.8 Dodging
 - Level 1.0 Stealth
 * Level 7.3 Unarmed Combat
 - Level 1.0 Spellcasting
 - Level 4.1 Necromancy


You had 8 spell levels left.
You knew the following spells:

 Your Spells              Type           Power      Damage    Failure   Level
a - Necrotise             Necr           24%        1d5       8%          1

Your spell library contained the following spells:

 Spells                   Type           Power      Damage    Failure   Level
 Sublimation of Blood     Necr           6%         N/A       11%         2
 Cigotuvi's Dreadful Rot  Necr/Pois/Air  4%         N/A       34%         2
 Frozen Ramparts          Ice            0%         1d1       75%         3
 Anguish                  Hex/Necr       1%         N/A       86%         4
 Ice Form                 Ice/Tmut       0%         N/A       98%         4
 Petrify                  Tmut/Erth      0%         N/A       98%         4
 Summon Ice Beast         Ice/Summ       0%         N/A       98%         4
 Irradiate                Conj/Tmut      0%         3d11      100%        5


Dungeon Overview and Level Annotations

Branches:
Dungeon (7/15)             Temple (1/1) D:4

Altars:
Ashenzari
Elyvilon
Fedhas
Gozag
Hepliaklqana
Kikubaaqudgha
Makhleb
Nemelex Xobeh
Okawaru
Qazlal
Sif Muna
Trog
Uskayaw
Vehumet
Wu Jian
Xom
Yredelemnul
Zin
The Shining One

Annotations:
D:4 Duvessa, Natasha, Pikel
D:6 exclusion: ugly thing


Innate Abilities, Weirdness & Mutations

You are too large for most types of armour.
You have claws for hands.
Your natural rate of healing is unusually fast.
You are covered in fur. (AC +1)
You have tough skin. (AC +1)


Message History

The troll is poisoned.
The troll is moderately wounded.
You throw a poisoned dart. The poisoned dart hits the troll.
The troll looks even sicker.
The troll is moderately wounded.
You scratch the troll.
The troll is heavily wounded.
You claw the troll!
The troll is heavily wounded.
The troll bites you. The troll claws you. The troll claws you!
You closely miss the troll.
The troll is severely wounded.
The troll bites you. The troll closely misses you.
The troll claws you but does no damage.
You scratch the troll.
The troll is severely wounded.
The troll bites you! The troll claws you. The troll claws you!
You are too injured to fight recklessly!
You barely miss the troll.
The troll is heavily wounded.
The troll bites you! The troll barely misses you. The troll claws you!
* * * LOW HITPOINT WARNING * * *
Aiming: Corrosive Bolt
Press: ? - help, Shift-Dir - straight line, f/p - troll
Aim: a troll (severely wounded, poisoned, covered in acid, 71% to hit)
The bolt of acid misses the troll.
The troll bites you.
* * * LOW HITPOINT WARNING * * *
The troll barely misses you. The troll claws you!
* * * LOW HITPOINT WARNING * * *
Aiming: Corrosive Bolt
Press: ? - help, Shift-Dir - straight line, f/p - troll
Aim: a troll (heavily wounded, poisoned, covered in acid, 71% to hit)
The bolt of acid hits the troll!
The troll seems to be corroded for longer.
The troll is almost dead.
The troll bites you!
* * * LOW HITPOINT WARNING * * *
The troll claws you.
You die...
Your body crumbles into a pile of gold.

#..T.................
##..###~###.#.........
#...#.#≈#.#...........
#.###.#≈#.###.........
#.....#≈#.....#####.##
.# #T###.#≈#.###.# ..#
. #...#.#≈#.#...# ..# .
###.###~###.### ##.# #
#....((T@...###..#####
#
###########..........##
# ##..........# #
#..........## #
##..........# #
#..........# ###
#........... # #..##
##.#.......# ## ##...##
#..##....###


You could see a troll (poisoned, corroded).

Vanquished Creatures
  A water moccasin (D:5)
  2 black bears
  An ice beast (D:5)
  A bullfrog (D:6)
  2 necrophages
  2 scorpions
  3 hounds
  A jelly (D:5)
  Jessica (D:2)
  4 iguanas
  Terence (D:2)
  11 gnolls
  4 adders
  A white imp (D:7)
  2 ufetubi
  A worm (D:3)
  7 orcs
  5 endoplasms
  A giant cockroach (D:2)
  6 goblins
  4 hobgoblins
  3 jackals (D:2)
  5 quokkas
  8 ball pythons
  7 bats
  4 frilled lizards
  5 kobolds
  7 rats
100 creatures vanquished.

Notes
Turn   | Place    | Note
-------+----------+-------------------------------------------
     0 | D:1      | freelancePsychic the Troll Wanderer began the quest for the
                  | Orb.
     0 | D:1      | freelancePsychic set off with the following items: a +0
                  | club, a potion of lignification, a potion of haste {@q3}, a
                  | +0 robe, a potion of attraction; and the following spell
                  | memorised: Necrotise; and the following spells available to
                  | memorise: Cigotuvi's Dreadful Rot, Anguish.
     0 | D:1      | Reached XP level 1. HP: 22/22 MP: 1/1
   113 | D:1      | Reached skill level 1 in Unarmed Combat
   163 | D:1      | Reached XP level 2. HP: 29/29 MP: 2/2
   676 | D:2      | Reached skill level 2 in Unarmed Combat
   748 | D:2      | Reached XP level 3. HP: 36/36 MP: 3/3
   784 | D:2      | Noticed Terence
   798 | D:2      | Killed Terence
   940 | D:2      | Noticed Jessica
   952 | D:2      | Killed Jessica
   953 | D:2      | Reached skill level 3 in Unarmed Combat
   953 | D:2      | Reached XP level 4. HP: 45/45 MP: 4/4
  1944 | D:4      | Noticed Duvessa
  1976 | D:4      | Noticed a lemure
  1978 | D:4      | Noticed Natasha
  2084 | D:4      | Reached XP level 5. HP: 53/53 MP: 5/5
  2085 | D:4      | Found a staircase to the Ecumenical Temple.
  2104 | Temple   | Entered the Ecumenical Temple
  2418 | Temple   | Became a worshipper of Gozag Ym Sagoz the Greedy
  2604 | D:4      | Found a shimmering altar of Xom.
  2604 | D:4      | Noticed a lemure
  2605 | D:4      | Noticed Pikel
  2624 | D:5      | Entered Level 5 of the Dungeon
  2633 | D:4      | Reached skill level 4 in Unarmed Combat
  2661 | D:4      | Reached XP level 6. HP: 57/62 MP: 6/6
  2717 | D:4      | Reached skill level 5 in Unarmed Combat
  2999 | D:5      | Reached skill level 1 in Dodging
  2999 | D:5      | Reached XP level 7. HP: 62/70 MP: 7/7
  3056 | D:5      | Reached skill level 6 in Unarmed Combat
  3629 | D:6      | Found a broken altar of Ashenzari.
  3653 | D:6      | Reached skill level 7 in Unarmed Combat
  3653 | D:6      | Reached XP level 8. HP: 79/79 MP: 8/8
  3689 | D:6      | Found a bloodstained altar of Trog.
  3718 | D:6      | Found a white marble altar of Elyvilon.
  3752 | D:6      | Found a glowing golden altar of the Shining One.
  3871 | D:6      | Found a sparkling altar of Nemelex Xobeh.
  3991 | D:6      | Noticed a white ugly thing
  4128 | D:7      | Noticed a troll
  4164 | D:7      | HP: 2/79 [troll (9)]
  4164 | D:7      | Slain by a troll

Illustrated notes

Levels and vault maps discovered:
D:1:      lightli_arrival_quake, layout_loops_ring
D:2:      layout_rooms, kennysheep_small_spiral, uniq_jessica, uniq_terence
D:3:      layout_basic
D:4:      layout_basic, mainiacjoe_overflow_concentric_impassable,
          minmay_temple_entry_antechambers, uniq_duvessa, uniq_natasha,
          uniq_pikel
D:5:      layout_rooms
D:6:      layout_cave_pools, tso_oasis_becter, ashenzari_altar_1,
          nicolae_elyvilon_peaceful_grove, bloody_trog,
          nemelex_spade_bored_becter, minmay_three_doors
D:7:      layout_cave_pods, nicolae_dithmenos_the_darkroom,
          nicolae_ru_awakened_eye, grunt_decor_cap
Temple:   oiseaux_autumnal_temple

Skill      XL: |  1  2  3  4  5  6  7 |
---------------+----------------------+-----
Unarmed Combat | 1 2 3 4 5 7 |  7.3
Fighting       | 3 4 |  4.9
Dodging        | 1 2 |  2.8
Stealth        | |  1.0
Spellcasting   | |  1.0
Necromancy     | |  4.1

Action                     |  1- 3 |  4- 6 |  7- 9 || total
---------------------------+-------+-------+-------++-------
  Melee: Unarmed           |    73 |   125 |    83 ||   281
         Punch             |       |     9 |     4 ||    13
  Throw: Dart              |     1 |     8 |     2 ||    11
   Cast: Necrotise         |       |    15 |    10 ||    25
  Evoke: Wand              |       |       |     3 ||     3
    Use: Scroll            |     1 |     2 |       ||     3
   Stab: Sleeping          |     5 |     1 |     1 ||     7
 Armour: Robe              |    23 |    40 |    21 ||    84
  Dodge: Dodged            |    27 |    78 |    38 ||   143

Table legend: (Time is in decaauts)
 A = Elapsed time spent in this place.
 B = Non-inter-level travel time spent in this place.
 C = Inter-level travel time spent in this place.
 D = Time resting spent in this place.
 E = Time spent auto-exploring this place.
 F = Levels seen in this place.
 G = Mean time per level.
                   A        B        C        D        E       F      G
               +--------+--------+--------+--------+--------+-----+--------+
         Total |   4149 |   3909 |    240 |    177 |   2802 |   8 |  518.6 |
       Dungeon |   3809 |   3635 |    174 |    177 |   2543 |   7 |  544.1 |
        Temple |    339 |    273 |     66 |      0 |    259 |   1 |  339.0 |
               +--------+--------+--------+--------+--------+-----+--------+

Top non-repeatable levels by time:
     D:3: 778 daAuts
     D:5: 692 daAuts
     D:1: 666 daAuts
     D:6: 611 daAuts
     D:2: 553 daAuts
     D:4: 392 daAuts
  Temple: 339 daAuts
     D:7: 116 daAuts
